 Dungeon Crawl Stone Soup version 0.28-a0-1202-g1e6f1b2279 (webtiles) character file.

Game seed: 9528728314289824981

5437 Essalna the Conjurer (level 10, -10/73 (77) HPs)
             Began as a Demonspawn Fire Elementalist on Dec 20, 2021.
             Was a Follower of Vehumet.
             Killed from afar by Maurice (31 damage)
             ... with a bolt of acid
             ... on level 9 of the Dungeon.
             The game lasted 00:21:15 (11420 turns).

Essalna the Conjurer (DsFE)                        Turns: 11420, Time: 00:21:16

HP:   -10/73 (77)   AC:  1    Str: 14    XL:     10   Next: 41%
MP:   12/20         EV: 12    Int: 21    God:    Vehumet [*.....]
Gold: 311           SH:  6    Dex: 20    Spells: 16/23 levels left

rFire   . . .      SeeInvis .   c - +2 short sword (vamp)
rCold   . . .      Faith    .   k - +0 buckler
rNeg    . . .      Spirit   .   u - +2 robe {Archmagi}
rPois   .          Reflect  .   (helmet restricted)
rElec   .          Harm     .   (no cloak)
rCorr   .          Rampage  .   (no gloves)
Will    .....      Archmagi +   w - +0 pair of boots
Stlth   ++........              (no amulet)
HPRegen 0.22/turn               q - +6 ring of strength
MPRegen 0.17/turn               J - +6 ring of dexterity

@: corroded, drained
A: horns 1, demonic guardian 2, powered by death 2
a: Renounce Religion


You were on level 9 of the Dungeon.
You worshipped Vehumet.
Vehumet was aware of your devotion.
You visited 2 branches of the dungeon, and saw 10 of its levels.

You collected 311 gold pieces.

Inventory:

Hand Weapons
 c - a +2 vampiric short sword (weapon)
 t - a +0 whip of freezing
 G - a +0 dagger of venom
 H - a +2 dagger of flaming
Missiles
 A - 5 datura-tipped darts
Armour
 a - a +0 robe
 k - a +0 buckler (worn)
 u - a +2 robe of the Archmagi (worn)
 w - a +0 pair of boots (worn)
 K - the +3 scale mail "Peuso" {Regen+ SInv}
   (You found it on level 8 of the Dungeon)

   SInv:      It lets you see invisible.
   Regen:     It increases your rate of health regeneration.
Jewellery
 q - a +6 ring of strength (left hand)
 J - a +6 ring of dexterity (right hand)
Scrolls
 b - a scroll of immolation {unknown}
 d - 5 scrolls of teleportation {unknown}
 h - a scroll of magic mapping {unknown}
 l - a scroll of enchant armour {unknown}
 m - 5 scrolls of identify {unknown}
 n - a scroll of summoning {unknown}
 r - 2 scrolls of noise {unknown}
 s - a scroll of acquirement {unknown}
 v - 2 scrolls of blinking {unknown}
 z - 3 scrolls of amnesia {unknown}
 B - 2 scrolls of fog {unknown}
 C - a scroll of torment {unknown}
 D - a scroll of silence {unknown}
Potions
 e - 3 potions of might {unknown}
 f - a potion of mutation {unknown}
 g - 2 potions of cancellation {unknown}
 i - 2 potions of berserk rage {unknown}
 j - 7 potions of curing
 p - a potion of lignification {unknown}
 x - 3 potions of degeneration {unknown}
 E - a potion of resistance {unknown}
 F - a potion of haste {unknown}
 I - 2 potions of heal wounds {unknown}


   Skills:
 + Level 6.7 Fighting
 - Level 1.7 Dodging
 - Level 1.7 Stealth
 - Level 4.0 Shields
 + Level 7.3 Spellcasting
 + Level 7.7 Conjurations
 + Level 7.5 Fire Magic


You had 16 spell levels left.
You knew the following spells:

 Your Spells              Type           Power      Damage    Failure   Level
a - Foxfire               Conj/Fire      100%       2x1d9     1%          1
b - Scorch                Fire           100%       2d10      1%          2
c - Flame Wave            Conj/Fire      56%        2d9       3%          4

Your spell library contained the following spells:

 Spells                   Type           Power      Damage    Failure   Level
 Magic Dart               Conj           100%       1d8       1%          1
 Searing Ray              Conj           100%       2d8       1%          2
 Conjure Flame            Conj/Fire      56%        6-21      1%          3
 Inner Flame              Hex/Fire       35%        N/A       5%          3
 Summon Small Mammal      Summ           44%        N/A       9%          1
 Sublimation of Blood     Necr           11%        N/A       13%         2
 Wereblood                Tmut           11%        N/A       13%         2
 Fulminant Prism          Conj/Hex       17%        3d11      17%         4
 Hailstorm                Conj/Ice       35%        3d9       17%         4
 Call Canine Familiar     Summ           11%        N/A       26%         3
 Summon Guardian Golem    Hex/Summ       11%        N/A       26%         3
 Ice Form                 Ice/Tmut       11%        N/A       65%         4
 Simulacrum               Ice/Necr       5%         N/A       100%        6
 Summon Hydra             Summ           5%         N/A       100%        7


Dungeon Overview and Level Annotations

Branches:
Dungeon (9/15)             Temple (1/1) D:7
   Lair: D:8-11         Orc: D:9-12

Altars:
Cheibriados
Dithmenos
Fedhas
Gozag
Hepliaklqana
Kikubaaqudgha
Makhleb
Nemelex Xobeh
Qazlal
Ru
Sif Muna
Trog
Uskayaw
Vehumet
Wu Jian
Yredelemnul
The Shining One

Shops:
D:5 (

Annotations:
D:6 2 transporters, Gilette's ghost, novice DrEE
D:9 3 runed translucent doors, Maurice


Innate Abilities, Weirdness & Mutations

You have a pair of small horns on your head.
A demonic guardian rushes to your aid.
You regenerate health from kills.


Message History

Casting: Scorch (safe; 1% risk of failure)
Confirm with . or Enter, or press ? or * to list all spells.
You feel a surge of power!
Flames lash Maurice.
Maurice is burned terribly!
Maurice is heavily wounded.
Maurice zaps a wand.
The bolt of acid misses you.
Casting: Scorch (safe; 1% risk of failure)
Confirm with . or Enter, or press ? or * to list all spells.
You feel a surge of power!
Flames lash Maurice.
Maurice is burned terribly!
Maurice is severely wounded.
Maurice casts a spell.
Maurice flickers and vanishes!
Deactivating autopickup; reactivate with Ctrl-A.
Found a stone staircase leading down.
Something hits you!
Something steals your scroll labelled XUTUBRY BUUFIFFAXU!
You feel drained. Something hits you!
Something steals the ring of Dell {rElec rN+ Will+++ Int-2 Stlth-}!
You feel drained.
You feel a surge of power!
You conjure some foxfire!
You hear a zap.
A bolt of acid appears from out of thin air!
The bolt of acid hits you!!
* * * LOW HITPOINT WARNING * * *
The acid corrodes you!
You are too injured to fight recklessly!
You are too injured to fight recklessly!
You are too injured to fight recklessly!
Casting: Foxfire (safe; 1% risk of failure)
Confirm with . or Enter, or press ? or * to list all spells.
You feel a surge of power!
You conjure some foxfire!
The foxfire hits something.
The foxfire hits something!
Something completely misses you.
Casting: Foxfire (safe; 1% risk of failure)
Confirm with . or Enter, or press ? or * to list all spells.
You feel a surge of power!
You conjure some foxfire!
The foxfire hits something.
The foxfire hits something!
You hear a zap.
A bolt of acid appears from out of thin air!
The bolt of acid hits you!!
You die...

#.####..##
#.#####.####...#
...............#
#.#####.####...#
.#.#####># #...#
.........####...#
.#..#.##..........
#..#v{...........#
#....@.....<.......
#.....v.####...####
.>...###### .. #.##
. #


There were no monsters in sight!

Vanquished Creatures
  Pikel (D:4)
  Joseph (D:8)
  Prince Ribbit (D:7)
  A hornet (D:8)
  4 yaks (D:8)
  A wyvern (D:7)
  A vampire mosquito (D:7)
  Menkaure (D:4)
  2 water moccasins
  An acid dragon (D:9)
  A sky beast (D:8)
  A black bear (D:7)
  4 orc warriors
  A hornet zombie (D:8)
  3 centaurs
  3 ogres
  A phantom (D:5)
  A kobold brigand (D:8)
  5 bullfrogs
  A gnoll sergeant (D:8)
  4 scorpions
  2 centaur zombies (D:8)
  5 orc priests
  A gnoll shaman (D:7)
  A jelly (D:5)
  2 centaur skeletons
  4 iguanas
  5 orc wizards
  A hound zombie (D:5)
  3 gnolls (D:7)
  7 adders
  A white imp (D:7)
  An ufetubus (D:7)
  An adder skeleton (D:5)
  2 dart slugs
  3 worms
  28 orcs
  6 ball pythons
  8 endoplasms
  3 giant cockroaches
  9 goblins
  2 hobgoblins (D:2)
  16 kobolds
  4 quokkas
  6 bats
  A frilled lizard (D:1)
  3 rats
164 creatures vanquished.

Vanquished Creatures (collateral kills)
  Sigmund (D:2)
  A steam dragon (D:7)
  An iguana (D:3)
  2 orcs (D:5)
  A ball python (D:2)
  A foxfire (D:7)
7 creatures vanquished.

Vanquished Creatures (others)
  710 foxfires
  2 plants (D:2)
712 creatures vanquished.

Grand Total: 883 creatures vanquished

Notes
Turn   | Place    | Note
-------+----------+-------------------------------------------
     0 | D:1      | Essalna the Demonspawn Fire Elementalist began the quest
                  | for the Orb.
     0 | D:1      | Reached XP level 1. HP: 13/13 MP: 3/3
   343 | D:1      | Gained mutation: A weak demonic guardian rushes to your
                  | aid. [demonic ancestry]
   343 | D:1      | Reached XP level 2. HP: 19/19 MP: 0/5
  1129 | D:1      | Reached XP level 3. HP: 19/24 MP: 0/6
  1228 | D:1      | Found a faded altar of an unknown god.
  1829 | D:2      | Found a sacrificial altar of Ru.
  2365 | D:2      | Noticed Sigmund
  2378 | D:2      | Killed Sigmund
  2379 | D:2      | Gained mutation: You regenerate a little health from kills.
                  | [demonic ancestry]
  2379 | D:2      | Reached XP level 4. HP: 6/30 MP: 5/9
  2379 | D:2      | Reached XP level 5. HP: 7/35 MP: 5/10
  3227 | D:3      | Reached XP level 6. HP: 14/41 MP: 3/11
  3613 | D:3      | Learned a level 2 spell: Scorch
  4480 | D:4      | Noticed Pikel
  4500 | D:4      | Killed Pikel
  4501 | D:4      | Gained mutation: A demonic guardian rushes to your aid.
                  | [demonic ancestry]
  4501 | D:4      | Reached XP level 7. HP: 43/51 MP: 1/13
  4916 | D:4      | Reached skill level 5 in Fire Magic
  5062 | D:4      | Noticed Menkaure
  5072 | D:4      | Killed Menkaure
  5073 | D:4      | Gained mutation: You regenerate health from kills. [demonic
                  | ancestry]
  5073 | D:4      | Reached XP level 8. HP: 57/57 MP: 7/15
  5493 | D:4      | Learned a level 4 spell: Flame Wave
  5533 | D:5      | Entered Level 5 of the Dungeon
  5533 | D:5      | Found Luskoi's Weapon Boutique.
  5876 | D:5      | Identified the ring of Dell {rElec rN+ Will+++ Int-2
                  | Stlth-}
  5965 | D:5      | Found a large runed translucent door.
  5966 | D:5      | Found a large runed translucent door.
  6197 | D:5      | Found an ancient bone altar of Kikubaaqudgha.
  6214 | D:5      | Reached skill level 5 in Conjurations
  6293 | D:5      | Reached skill level 5 in Spellcasting
  7010 | D:5      | Found a shadowy altar of Dithmenos.
  7013 | D:5      | Found a stormy altar of Qazlal.
  7254 | D:6      | Found a transporter.
  7284 | D:6      | Found a transporter.
  7284 | D:6      | Noticed Gilette's ghost (novice DrEE)
  7288 | D:6      | Noticed a two-headed ogre
  7641 | D:6      | Found a shimmering blue altar of Sif Muna.
  8075 | D:7      | Found a staircase to the Ecumenical Temple.
  8079 | D:7      | Reached XP level 9. HP: 65/65 MP: 10/17
  8087 | Temple   | Entered the Ecumenical Temple
  8107 | Temple   | Became a worshipper of Vehumet
  8433 | D:7      | Noticed Prince Ribbit
  8587 | D:7      | Killed Prince Ribbit
  8643 | D:7      | Reached skill level 5 in Fighting
  8763 | D:7      | Found a bloodstained altar of Trog.
  9087 | D:7      | Found a snail-covered altar of Cheibriados.
  9187 | D:7      | Found an opulent altar of Gozag.
  9188 | D:7      | Found a sparkling altar of Nemelex Xobeh.
  9231 | D:8      | Noticed Joseph
  9238 | D:8      | Killed Joseph
  9238 | D:8      | Reached * piety under Vehumet
  9238 | D:8      | Offered knowledge of Magic Dart by Vehumet.
  9552 | D:8      | Gained mutation: You have a pair of small horns on your
                  | head. [demonic ancestry]
  9552 | D:8      | Reached XP level 10. HP: 61/76 MP: 9/20
  9745 | D:8      | Identified the +3 scale mail "Peuso" {Regen+ SInv}
 10738 | D:8      | Reached ** piety under Vehumet
 11295 | D:9      | Found a runed translucent gate.
 11296 | D:9      | Found a runed translucent gate.
 11297 | D:9      | Found a runed translucent gate.
 11412 | D:9      | Noticed Maurice
 11420 | D:9      | Killed from afar by Maurice

Illustrated notes

Levels and vault maps discovered:
D:1:      minmay_arrival_jagged, layout_loops_ring,
          chequers_ecumenical_altar_island, minivault_14, minmay_fountain_box
D:2:      cheibrodos_old_hovel, layout_basic, basic_altar, uniq_sigmund
D:3:      layout_rooms
D:4:      layout_basic, uniq_pikel, uniq_menkaure
D:5:      layout_loops_corners, kennysheep_mini_moat, jmf_multi_god_temple2,
          nicolae_stop_n_shop_1
D:6:      layout_basic, mainiacjoe_overflow_concentric_impassable,
          gammafunk_ghost_smash
D:7:      layout_basic, grunt_temple_overflow_opulence, chei_slow_surprise,
          lemuel_crystal_altar, minmay_temple_entry_stoned_glass,
          uniq_prince_ribbit1
D:8:      minmay_ornate_pinched, layout_basic, uniq_joseph
D:9:      layout_loops_cross, gammafunk_ghost_spectres, minmay_misc_feat_x,
          uniq_maurice
Temple:   eino_narrow_crystal_temple

Skill      XL: |  1  2  3  4  5  6  7  8  9 10 |
---------------+-------------------------------+-----
Fire Magic     | 3 4 5 7 |  7.5
Conjurations   | 3 4 5 7 |  7.7
Spellcasting   | 3 4 5 6 7 |  7.3
Fighting       | 2 4 6 |  6.7
Shields        | 2 3 4 |  4.0
Dodging        | |  1.7
Stealth        | |  1.7

Action                   |  1- 3 |  4- 6 |  7- 9 | 10-12 || total
-------------------------+-------+-------+-------+-------++-------
Melee: Unarmed           |     1 |       |       |       ||     1
       Short sword       |    36 |    13 |    14 |       ||    63
 Cast: Foxfire           |    68 |    92 |   162 |   111 ||   433
       Scorch            |       |     2 |    38 |    28 ||    68
       Flame Wave        |       |       |     6 |     3 ||     9
 Stab: Sleeping          |     3 |       |       |       ||     3
Armor: Robe              |     7 |     3 |     8 |    26 ||    44
Dodge: Dodged            |    30 |    15 |    34 |    50 ||   129
Block: Buckler           |       |     1 |    11 |    32 ||    44

Table legend: (Time is in decaauts)
 A = Elapsed time spent in this place.
 B = Non-inter-level travel time spent in this place.
 C = Inter-level travel time spent in this place.
 D = Time resting spent in this place.
 E = Time spent auto-exploring this place.
 F = Levels seen in this place.
 G = Mean time per level.
                   A        B        C        D        E       F      G
               +--------+--------+--------+--------+--------+-----+--------+
         Total |  11434 |  11154 |    280 |    402 |   9436 |  10 | 1143.4 |
       Dungeon |  11289 |  11034 |    255 |    297 |   9436 |   9 | 1254.3 |
        Temple |    144 |    119 |     25 |    105 |      0 |   1 |  144.0 |
               +--------+--------+--------+--------+--------+-----+--------+

Top non-repeatable levels by time:
     D:7: 1683 daAuts
     D:4: 1652 daAuts
     D:1: 1584 daAuts
     D:8: 1430 daAuts
     D:5: 1419 daAuts
     D:2: 1402 daAuts
     D:3: 1031 daAuts
     D:6: 769 daAuts
     D:9: 316 daAuts
  Temple: 144 daAuts
